 Dungeon Crawl Stone Soup version 0.17-a0-1322-g2a080e7 (webtiles) character file.

24 Quirk the Covered (level 3, -5/23 HPs)
             Began as a Gargoyle Fighter on June 9, 2015.
             Slain by Sigmund
             ... wielding a cursed +0 scythe
              (10 damage)
             ... on level 2 of the Dungeon.
             The game lasted 00:02:21 (983 turns).

Quirk the Covered (Gargoyle Fighter)                 Turns: 983, Time: 00:02:21

Health: -5/23      AC: 10    Str: 20    XL:     3   Next: 2%
Magic:  3/3        EV:  7    Int:  8    God:
Gold:   61         SH:  0    Dex:  9    Spells: 0 memorised, 2 levels left

rFire  . . .     SeeInvis .     a - +0 flail
rCold  . . .     Clarity  .     b - +0 scale mail
rNeg   + . .     SustAt   .     c - +0 shield
rPois  ∞         Gourm    .     (no helmet)
rElec  +         Spirit   .     (no cloak)
rCorr  .         Warding  .     (no gloves)
rMut   .         Stasis   .     (no boots)
MR     .....                    (no amulet)
Stlth  ..........               (no ring)
                                (no ring)

@: confused, very slightly contaminated, not resistant to hostile enchantments,
extremely unstealthy
A: negative energy resistance 1, electricity resistance, unbreathing,
petrification resistance, rot immunity, AC +3
a: no special abilities


You were on level 2 of the Dungeon.
You were hungry.

You visited 1 branch of the dungeon, and saw 2 of its levels.

You collected 61 gold pieces.

Inventory:

Hand weapons
 a - a +0 flail (weapon)
Armour
 b - a +0 scale mail (worn)
 c - a +0 shield (worn)
Scrolls
 f - a scroll of noise {unknown}
 i - a scroll of magic mapping {unknown}
 j - a scroll of identify {unknown}
 l - a scroll of teleportation {unknown}
 m - a scroll of fog {unknown}
Comestibles
 e - 2 bread rations
 k - 2 chunks of flesh


   Skills:
 + Level 3.5 Fighting
 + Level 2.1 Maces & Flails
 + Level 3.5 Armour
 + Level 1.0 Dodging
 + Level 1.0 Stealth
 + Level 3.3 Shields


You had 2 spell levels left.
You didn't know any spells.

Dungeon Overview and Level Annotations

Branches:
Dungeon (2/15)

Altars:

Annotations:
D:2 Sigmund


Innate Abilities, Weirdness & Mutations

You are resistant to torment.
Your stone body is resilient (AC +3).
You are immune to poison.
You resist negative energy.
You are resistant to electric shocks.
You can survive without breathing.
You are immune to petrification.
You are immune to rotting.


Message History

The puff of flame misses you.
You're too confused to move!
Something hits you.
You miss something. Something hits you.
You miss something. Something hits you.
You feel a little less mighty now.
Your extra speed is starting to run out.
Something hits you.
Found a dagger.
You hear some strange, mumbled words.
You are more confused.
You're too confused to move!
Something hits you.
* * * LOW HITPOINT WARNING * * *
You're too confused!
You're too confused to move!
Something hits you but does no damage.
You closely miss something.
You feel yourself slow down. Something hits you!
You die...

.....###.............#...#
...# ##...[...........###
##......#..........
#....####......>....#
#.........?...#......#
.....##.........#.....#
.##.........%...#.....#
...###.......[.......#
............@...#.....#
.## ##................#
#..#####.........# ....
...##.##### ... ....# .# .
....#. .. ..##.... ) .##
###... .. .. ...


There were no monsters in sight!

Vanquished Creatures
  3 giant cockroaches
  4 hobgoblins
  2 bats (D:1)
  2 giant newts (D:1)
  3 goblins (D:1)
  7 kobolds
  A quokka (D:2)
  4 rats (D:1)
26 creatures vanquished.

Notes
Turn   | Place    | Note
--------------------------------------------------------------
     0 | D:1      | Quirk the Gargoyle Fighter began the quest for the Orb.
     0 | D:1      | Reached XP level 1. HP: 14/14 MP: 1/1
     0 | D:1      | Noticed a vine stalker zombie
     2 | D:1      | Noticed a spriggan zombie
     4 | D:1      | Noticed a draconian zombie
     6 | D:1      | Noticed a merfolk zombie
     7 | D:1      | Noticed a draconian zombie
    10 | D:1      | Noticed a draconian zombie
    14 | D:1      | Noticed a draconian zombie
    14 | D:1      | Noticed a human zombie
    16 | D:1      | Noticed a minotaur zombie
    95 | D:1      | Reached XP level 2. HP: 13/19 MP: 2/2
   822 | D:2      | Reached skill level 1 in Stealth
   845 | D:2      | Reached skill level 1 in Dodging
   845 | D:2      | Reached XP level 3. HP: 13/23 MP: 3/3
   911 | D:2      | Noticed Sigmund
   983 | D:2      | Slain by Sigmund

Vault maps used:
D:1:      shiori_arrival_whats_in_store_for_you, serial_forest,
          infiniplex_forest_diagonal, infiniplex_forest_end_2,
          infiniplex_forest_zigzag_1, infiniplex_forest_end_3,
          infiniplex_forest_lined_room_3, infiniplex_forest_straight_1,
          infiniplex_forest_clump_curved, grunt_decor_mini_mirrors,
          serial_park_tiny_pond
D:2:      first_bread, dk_noncrumbling_2, uniq_crazy_yiuf_cottage, uniq_jessica,
          uniq_sigmund

Action                   || total
-------------------------++-------
Melee: Flail             ||   119
  Use: Potion            ||     3
